Map: Blackburn LE

Players

Solar - Winner!

  • Race: Zerg Zerg

Neeb

  • Race: Protoss Protoss

Event: ASUS ROG Fall 2021

VOD

Have the link to the VOD?

Description

Time

  • Played on: Sept. 17, 2021, 2:14 p.m.
  • Length: 9:35

All games in this series

Show
View Real Time Build Order
Export as new Build Order

Solar Zerg - Winner!

Build Orders: Hatch First 

Get SALT Encoding   

  12  0:00  Drone  
  13  0:12  Overlord  
  13  0:18  Drone  
  14  0:31  Drone x2  
  16  0:50  Hatchery  
  16  0:52  Drone  
  16  0:55  Drone  
  17  0:59  Drone  
  18  1:09  Extractor  
  17  1:15  Spawning Pool  
  17  1:17  Drone  
  17  1:20  Drone  
  18  1:28  Drone  
  19  1:39  Drone  
  20  1:49  Overlord  
  20  2:02  Queen  
  20  2:03  Queen  
  20  2:06  Zergling x2, Drone  
  26  2:10  Drone  
  26  2:13  Drone  
  26  2:14  Metabolic Boost  
  28  2:23  Drone  
  28  2:24  Drone  
  30  2:36  Hatchery  
  29  2:39  Drone  
  30  2:44  Queen  
  30  2:49  Overlord  
  32  2:52  Zergling x2  
  32  2:54  Drone  
  32  2:57  Zergling x2  
  35  2:59  Drone  
  36  3:09  Drone x2  
  39  3:12  Drone  
  39  3:13  Drone x2  
  39  3:16  Queen  
  39  3:19  Spore Crawler  
  42  3:21  Zergling x2  
  42  3:25  Overlord  
  43  3:28  Zergling x2  
  44  3:38  Overlord  
  44  3:43  Queen  
  44  3:45  Drone x2  
  44  3:48  Drone x2  
  50  3:56  Queen, Overlord  
  50  3:59  Drone  
  50  4:00  Drone x2  
  55  4:04  Overlord  
  55  4:08  Spore Crawler  
  55  4:09  Drone x2  
  54  4:11  Drone x2  
  54  4:14  Overlord  
  54  4:16  Drone  
  57  4:19  Drone  
  57  4:22  Overlord  
  57  4:24  Zergling x4  
  57  4:28  Zergling x6  
  57  4:30  Drone  
  57  4:31  Drone  
  64  4:33  Drone  
  64  4:35  Drone x2  
  67  4:40  Drone x2  
  67  4:43  Lair  
  69  4:49  Roach Warren  
  69  4:50  Extractor x2  
  69  4:52  Drone  
  67  4:53  Drone x2  
  67  4:54  Drone x2  
  67  4:58  Drone x3  
  73  5:00  Drone x2  
  73  5:04  Overlord  
  73  5:05  Drone  
  73  5:06  Drone  
  77  5:08  Drone  
  77  5:11  Extractor, Drone  
  77  5:13  Extractor  
  77  5:16  Drone  
  77  5:18  Drone  
  77  5:19  Overlord  
  79  5:25  Zergling x4  
  79  5:26  Zergling x2  
  79  5:28  Pneumatized Carapace  
  80  5:29  Extractor, Drone x3  
  80  5:30  Drone  
  80  5:31  Drone x2  
  85  5:37  Drone  
  85  5:40  Overlord  
  85  5:41  Drone  
  87  5:46  Overseer  
  87  5:47  Glial Reconstitution  
  87  5:48  Drone  
  87  5:49  Drone  
  89  5:52  Overlord  
  89  5:53  Hatchery  
  89  5:54  Zergling x6  
  89  6:00  Overlord  
  89  6:03  Drone  
  89  6:04  Drone  
  89  6:05  Spire  
  89  6:06  Queen  
  89  6:09  Overlord  
  91  6:11  Drone  
  91  6:14  Drone  
  91  6:15  Overlord  
  91  6:16  Drone  
  91  6:17  Overlord  
  93  6:22  Drone  
  93  6:27  Drone  
  93  6:29  Hatchery  
  93  6:31  Overlord  
  93  6:33  Overlord  
  93  6:35  Overlord  
  93  6:42  Drone x2  
  93  6:43  Drone x2  
  93  6:44  Evolution Chamber  
  93  6:45  Drone  
  97  6:47  Overlord  
  97  6:48  Queen  
  97  6:50  Extractor  
  97  6:52  Extractor  
  96  7:01  Hatchery  
  95  7:09  Overlord  
  95  7:16  Mutalisk  
  95  7:17  Mutalisk x12  
  95  7:19  Mutalisk  
  95  7:22  Zergling x6  
  126  7:24  Queen  
  126  7:27  Queen  
  126  7:29  Zerg Missile Weapons Level 1  
  129  7:32  Drone x2  
  129  7:36  Roach x2  
  135  7:39  Queen  
  135  7:43  Overseer  
  143  7:44  Roach x4  
  143  7:46  Roach  
  143  7:47  Roach  
  149  7:51  Overlord  
  149  7:53  Roach x2  
  149  7:56  Roach x2  
  157  7:59  Queen  
  157  8:00  Roach x2  
  157  8:01  Zergling x2, Roach  
  164  8:05  Roach  
  164  8:09  Roach x2  
  168  8:14  Roach x4  
  174  8:21  Roach x5  
  184  8:32  Ravager x5  
  189  8:37  Zergling x6, Roach x3  
  198  8:42  Zergling x2  
  198  8:43  Zergling x2  
  198  8:59  Overseer  
  196  9:06  Ravager x3  
  199  9:16  Zergling x2  
Show
View Real Time Build Order
Export as new Build Order

Neeb Protoss 

Build Orders: 1 Gate Expand, Oracle Opening 

Get SALT Encoding   

  12  0:00  Probe  
  13  0:12  Probe  
  14  0:19  Pylon  
  14  0:24  Probe  
  15  0:37  Probe (Chrono Boost)  
  15  0:41  Gateway  
  16  0:48  Probe (Chrono Boost)  
  17  0:50  Assimilator  
  17  0:53  Probe (Chrono Boost)  
  18  1:04  Probe  
  19  1:16  Probe  
  20  1:26  Nexus  
  20  1:36  Cybernetics Core  
  20  1:39  Probe  
  21  1:45  Assimilator  
  21  1:51  Probe  
  22  1:56  Pylon  
  22  2:03  Probe (Chrono Boost)  
  23  2:14  Adept, Probe (Chrono Boost)  
  26  2:16  Warp Gate  
  26  2:21  Probe (Chrono Boost)  
  27  2:31  Stargate  
  27  2:32  Probe (Chrono Boost)  
  28  2:38  Probe x2 (Chrono Boost)  
  28  2:44  Adept  
  32  2:49  Probe (Chrono Boost)  
  34  2:51  Probe (Chrono Boost)  
  34  2:54  Probe (Chrono Boost)  
  35  2:59  Probe  
  36  3:06  Probe  
  36  3:07  Gateway  
  36  3:08  Void Ray (Chrono Boost)  
  37  3:14  Pylon, Probe  
  37  3:19  Probe  
  43  3:24  Adept  
  43  3:26  Probe  
  46  3:32  Probe  
  46  3:33  Pylon  
  47  3:38  Probe  
  48  3:41  Oracle (Chrono Boost)  
  48  3:44  Probe  
  52  3:50  Probe  
  53  3:56  Probe  
  53  3:59  Nexus  
  54  4:04  Pylon  
  54  4:06  Probe  
  55  4:11  Adept x2  
  55  4:12  Probe  
  56  4:18  Probe  
  56  4:21  Assimilator x2  
  57  4:25  Shield Battery  
  57  4:27  Stargate  
  57  4:29  Probe  
  58  4:31  Probe  
  58  4:36  Void Ray (Chrono Boost)  
  59  4:42  Probe  
  59  4:43  Probe  
  65  4:50  Forge  
  65  4:52  Pylon  
  65  4:54  Probe  
  65  4:56  Probe  
  67  5:05  Void Ray (Chrono Boost)  
  68  5:08  Probe (Chrono Boost)  
  68  5:10  Void Ray (Chrono Boost)  
  68  5:11  Probe (Chrono Boost)  
  68  5:12  Probe (Chrono Boost)  
  80  5:22  Probe (Chrono Boost)  
  80  5:23  Probe x2 (Chrono Boost)  
  80  5:25  Assimilator  
  80  5:26  Assimilator  
  81  5:30  Probe x2  
  81  5:32  Probe  
  84  5:35  Void Ray  
  84  5:42  Probe x2  
  90  5:48  Probe  
  91  5:54  Probe  
  92  5:57  Protoss Ground Weapons Level 1 (Chrono Boost)  
  92  5:58  Probe  
  92  6:00  Pylon  
  92  6:02  Pylon  
  92  6:03  Pylon  
  93  6:09  Pylon  
  93  6:11  Robotics Facility  
  93  6:12  Void Ray  
  93  6:13  Twilight Council  
  93  6:17  Pylon  
  93  6:18  Probe x3  
  93  6:20  Zealot  
  93  6:22  Void Ray  
  100  6:25  Pylon  
  104  6:35  Gateway  
  104  6:38  Gateway  
  104  6:39  Sentry  
  106  6:40  Sentry  
  106  6:41  Gateway  
  106  6:43  Gateway  
  108  6:51  Void Ray  
  108  6:53  Nexus  
  108  6:54  Pylon, Probe  
  109  6:59  Charge (Chrono Boost)  
  113  7:01  Immortal (Chrono Boost)  
  113  7:05  Gateway  
  113  7:07  Gateway  
  117  7:10  Pylon  
  117  7:13  Gateway  
  117  7:19  Templar Archives  
  117  7:20  Photon Cannon  
  117  7:21  Shield Battery  
  117  7:26  Zealot x2  
  121  7:30  Shield Battery  
  121  7:32  Photon Cannon  
  121  7:38  Probe x3  
  121  7:44  Immortal  
  124  7:50  Probe x2  
  130  7:56  Shield Battery  
  130  7:57  High Templar x3  
  130  7:58  Pylon, High Templar, Zealot  
  140  8:01  Archon  
  140  8:04  Archon  
  140  8:05  Phoenix (Chrono Boost)  
  138  8:10  Stalker x2  
  138  8:12  Stalker  
  140  8:18  Phoenix (Chrono Boost)  
  142  8:20  Probe x2  
  142  8:22  Assimilator  
  142  8:23  Assimilator  
  144  8:28  Pylon, Phoenix (Chrono Boost)  
  144  8:31  Observer  
  147  8:35  Probe  
  147  8:38  Phoenix (Chrono Boost)  
  147  8:41  Stalker x2  
  153  8:47  Probe  
  150  8:49  Probe  
  150  8:51  Stalker  
  150  8:53  Probe  
  144  8:58  Probe  
  144  9:02  Phoenix x2  
  147  9:08  Shield Battery x2  
  147  9:10  Zealot x2  
  147  9:11  Photon Cannon  
  151  9:17  Zealot x4  
Tags
 
Add a new tag
Caveats
  • Supply blocks, unpowered buildings, or Contaminate may cause inaccurate times.
  • Supply counts are checked every 10 seconds.